 Dungeon Crawl Stone Soup version 0.31-a0-271-gb88eb75e06 (webtiles) character file.

Game seed: 6887647615184431493

2268 Iniera the Nimble (level 9, -10/56 HPs)
             Began as a Kobold Monk on July 14, 2023.
             Was a Priest of Qazlal.
             Mangled by Erica
             ... wielding a +3 scimitar of flaming
              (12 damage)
             ... on level 8 of the Dungeon.
             The game lasted 00:07:12 (6490 turns).

Iniera the Nimble (Kobold Monk)                     Turns: 6490, Time: 00:07:13

Health: -10/56     AC:  5    Str:  8    XL:     9   Next: 65%
Magic:  12/12      EV: 22    Int: 11    God:    Qazlal [***...]
Gold:   348        SH: 11    Dex: 26    Spells: 8/8 levels left

rFire   . . .        l - +11 dagger of the Antique God {heavy, rN+ Dex+4}
rCold   . . .        o - +0 buckler
rNeg    + . .        b - +0 robe
rPois   .            g - +0 helmet
rElec   .            (no cloak)
rCorr   .            k - +1 pair of gloves
SInv    .            (no boots)
Will    .....        (no amulet)
Stlth   ++           (no ring)
HPRegen 0.29/turn    (no ring)
MPRegen 0.13/turn

%: no passive effects
@: no status effects
A: small, no large weapons, nightstalker 3
a: Renounce Religion, Upheaval, Elemental Force


You were on level 8 of the Dungeon.
You worshipped Qazlal.
Qazlal was most pleased with you.
You visited 2 branches of the dungeon, and saw 9 of its levels.

You collected 456 gold pieces.
You spent 108 gold pieces at shops.

Inventory:

Hand Weapons
 a - a +1 falchion
 l - the +11 dagger of the Antique God (weapon) {heavy, rN+ Dex+4}
   (You found it on level 2 of the Dungeon)

   Dex:       It affects your dexterity (+4).
   rN:        It protects you from negative energy.
Missiles
 h - 32 poisoned darts (quivered)
Armour
 b - a +0 robe (worn)
 g - a +0 helmet (worn)
 k - a +1 pair of gloves (worn)
 o - a +0 buckler (worn)
Wands
 i - a wand of charming (10)
Scrolls
 f - a scroll of teleportation
 m - a scroll of blinking
 q - a scroll of fear {unknown}
Potions
 c - a potion of ambrosia
 d - a potion of mutation
 e - a potion of invisibility
 j - 3 potions of heal wounds
 n - 3 potions of curing
 p - a potion of berserk rage


   Skills:
 + Level 6.6 Fighting
 + Level 5.0 Long Blades
 + Level 8.0 Dodging
 * Level 5.1 Shields
 + Level 4.3 Invocations


You had 8 spell levels left.
You didn't know any spells.
Your spell library contained the following spells:

 Spells                   Type           Power      Damage    Failure   Level
 Freeze                   Ice            0%         1d3       45%         1
 Kiss of Death            Conj/Necr      0%         2d5       45%         1
 Summon Small Mammal      Summ           0%         N/A       45%         1
 Call Canine Familiar     Summ           0%         N/A       83%         3
 Confusing Touch          Hex            0%         N/A       83%         3
 Frozen Ramparts          Ice            0%         1d1       83%         3
 Hailstorm                Conj/Ice       0%         3d3       83%         3
 Summon Guardian Golem    Hex/Summ       0%         N/A       83%         3
 Dispel Undead            Necr           0%         3d6       99%         4
 Orb of Destruction       Conj           0%         9d5       100%        7
 Spellforged Servitor     Conj/Summ      0%         N/A       100%        7


Dungeon Overview and Level Annotations

Branches:
Dungeon (8/15)             Temple (1/1) D:4
   Lair: D:8-11

Altars:
Ashenzari
Dithmenos
Elyvilon
Fedhas
Gozag
Hepliaklqana
Kikubaaqudgha
Makhleb
Okawaru
Qazlal
Sif Muna
Trog
Uskayaw
Vehumet
Wu Jian
Xom
Yredelemnul
The Shining One

Shops:
D:4 ([=

Annotations:
D:8 Erica


Innate Abilities, Weirdness & Mutations

You are small and have problems with some larger weapons.
You are completely attuned to the shadows.


Message History

Found a leather armour.
You see here an iguana corpse.
You see here a +0 leather armour.
Things that are here:
a +6 ring of intelligence; a +0 club; 2 stones
Items here: ( )))))).
Done exploring.
No target in view!
No target in view!
No target in view!
Done exploring.
Done exploring.
(D) Dungeon (T) Temple
Where to? (Enter - D:7, ? - help)
There is a stone staircase leading down here.
You climb downwards.
There is a stone staircase leading up here.
You hear a shout!
Erica the Fiery-Tempered comes into view.
She is wielding a +3 scimitar of flaming.
Erica is nearby!
Erica casts a spell.
Erica flickers and vanishes!
Deactivating autopickup; reactivate with Ctrl-A.
No target in view!
No target in view!
No target in view!
No target in view!
No target in view!
No target in view!
You hit something but do no damage. Something hits you! Something burns you.
You puncture something! Something hits you! Something burns you.
You hit something. Something closely misses you.
You hit something. Something hits you! Something burns you.
You barely miss something. Something hits you!
* * * LOW HITPOINT WARNING * * *
Something burns you.
* * * LOW HITPOINT WARNING * * *
You block something's attack.
You hit something. Something hits you!
You die...

.########
...{@...#
.#####.##
#<# ###


There were no monsters in sight!

Vanquished Creatures
  A water moccasin (D:7)
  An orc warrior (D:7)
  An ice beast (D:6)
  2 black bears (D:5)
  2 ogres
  2 phantoms
  2 kobold brigands
  2 bullfrogs (D:7)
  3 scorpions
  4 wights (D:7)
  3 hounds
  4 jellies
  3 orc priests
  A sleepcap (D:5)
  5 iguanas
  4 orc wizards
  8 gnolls
  6 adders
  A shadow imp (D:6)
  3 white imps
  A dart slug (D:3)
  18 orcs
  7 ball pythons
  4 endoplasms
  14 giant cockroaches
  9 goblins
  7 hobgoblins
  9 jackals
  5 bats
  5 frilled lizards
  21 kobolds
  8 rats
166 creatures vanquished.

Notes
Turn   | Place    | Note
-------+----------+-------------------------------------------
     0 | D:1      | Iniera the Kobold Monk began the quest for the Orb.
     0 | D:1      | Reached XP level 1. HP: 14/14 MP: 1/1
   276 | D:1      | Reached skill level 4 in Dodging
   276 | D:1      | Reached XP level 2. HP: 19/19 MP: 2/2
   701 | D:1      | Found a faded altar of an unknown god.
   872 | D:2      | Reached XP level 3. HP: 22/24 MP: 3/3
  1162 | D:2      | Reached XP level 4. HP: 25/29 MP: 4/4
  1205 | D:2      | Identified the +11 dagger of the Antique God {heavy, rN+
                  | Dex+4}
  1558 | D:3      | Reached skill level 5 in Dodging
  1644 | D:3      | Reached XP level 5. HP: 30/33 MP: 5/5
  2251 | D:4      | Found Uwkuroy's Antique Armour Shop.
  2255 | D:4      | Bought a buckler for 108 gold pieces
  2347 | D:4      | Found a radiant altar of Vehumet.
  2427 | D:4      | Reached skill level 6 in Dodging
  2427 | D:4      | Reached XP level 6. HP: 36/39 MP: 6/6
  2444 | D:4      | Found an iron altar of Okawaru.
  2654 | D:4      | Found Afuvveni's Weapon Emporium.
  2798 | D:4      | Found a staircase to the Ecumenical Temple.
  2805 | Temple   | Entered the Ecumenical Temple
  2868 | Temple   | Became a worshipper of Qazlal Stormbringer
  2868 | Temple   | Reached * piety under Qazlal
  2868 | Temple   | Reached ** piety under Qazlal
  3067 | D:4      | Found Joafiof's Jewellery Emporium.
  3525 | D:5      | Entered Level 5 of the Dungeon
  3580 | D:5      | Reached skill level 1 in Shields
  3675 | D:5      | Reached XP level 7. HP: 19/44 MP: 7/7
  3712 | D:5      | Reached skill level 1 in Invocations
  3985 | D:5      | Reached skill level 5 in Fighting
  4002 | D:5      | Reached XP level 8. HP: 40/49 MP: 9/9
  4122 | D:5      | Found an ancient bone altar of Kikubaaqudgha.
  4142 | D:5      | Found a bloodstained altar of Trog.
  4150 | D:5      | Identified the +1 ring mail of Moral Flaws {Int+3}
  4222 | D:5      | Found a hazy altar of Hepliaklqana.
  4223 | D:5      | Found a shadowy altar of Dithmenos.
  4223 | D:5      | Noticed a shadow
  4313 | D:5      | Found a shimmering blue altar of Sif Muna.
  4678 | D:6      | Reached skill level 7 in Dodging
  4784 | D:6      | Reached *** piety under Qazlal
  4986 | D:6      | Found an opulent altar of Gozag.
  5301 | D:6      | Found a broken altar of Ashenzari.
  5429 | D:7      | Reached XP level 9. HP: 55/55 MP: 11/11
  5648 | D:7      | Found a hide-covered altar of Uskayaw.
  5716 | D:7      | Found an ornate altar of the Wu Jian Council.
  6038 | D:7      | Reached skill level 5 in Long Blades
  6038 | D:7      | Reached skill level 8 in Dodging
  6038 | D:7      | Reached skill level 5 in Shields
  6482 | D:8      | Noticed Erica
  6489 | D:8      | HP: 1/56 [something (3)]
  6490 | D:8      | Mangled by Erica

Illustrated notes

Levels and vault maps discovered:
D:1:      noname_arrival_rooms_in_the_neighbourhood, layout_loops_ring,
          shapermc_ecumenical_altar_gd
D:2:      layout_rooms
D:3:      minmay_roachtagon, layout_rooms, chequers_big_river,
          guppyfry_early_orc_mine
D:4:      layout_basic, lemuel_round_altar, kennysheep_okawaru_gauntlet,
          temple_green, serial_shops, nicolae_shop_bloodbath_and_beyond,
          kennysheep_mini, shop
D:5:      layout_cave_pools, riverfiend_overflow_shadow_ancestor,
          trog_ov_bears_minmay, kiku_gazebo_garden_becter, lemuel_round_altar
D:6:      layout_gridville, mainiacjoe_overflow_six_doors_small,
          nicolae_gozag_cash_rules_everything_around_me
D:7:      layout_loops_cross, mainiacjoe_overflow_two_lobes, minivault_27
D:8:      layout_basic, chei_slow_surprise, nemelex_spade_bored_becter,
          serial_shops, shop, minmay_misc_feat_x,
          nicolae_concentric_dashed_squares_wild, uniq_erica, uniq_pikel
Temple:   nicolae_temple_little_seven

Skill      XL: |  1  2  3  4  5  6  7  8  9 |
---------------+----------------------------+-----
Dodging        | 4 5 6 7 8 |  8.0
Fighting       | 4 5 6 |  6.6
Long Blades    | 3 4 5 |  5.0
Shields        | 1 2 4 5 |  5.1
Invocations    | 2 3 4 |  4.3

Action                     |  1- 3 |  4- 6 |  7- 9 || total
---------------------------+-------+-------+-------++-------
  Melee: Falchion          |    62 |     5 |       ||    67
         Dagger            |       |    98 |   195 ||   293
  Throw: Dart              |       |     1 |     5 ||     6
    Use: Scroll            |       |     7 |     8 ||    15
   Stab: Sleeping          |     1 |     5 |       ||     6
         Distracted        |       |     1 |       ||     1
 Armour: Robe              |    12 |    20 |    14 ||    46
  Dodge: Dodged            |    52 |   126 |   146 ||   324
  Block: Buckler           |       |     8 |   110 ||   118

Table legend: (Time is in decaauts)
 A = Elapsed time spent in this place.
 B = Non-inter-level travel time spent in this place.
 C = Inter-level travel time spent in this place.
 D = Time resting spent in this place.
 E = Time spent auto-exploring this place.
 F = Levels seen in this place.
 G = Mean time per level.
                   A        B        C        D        E       F      G
               +--------+--------+--------+--------+--------+-----+--------+
         Total |   6594 |   6263 |    331 |    183 |   5116 |   9 |  732.7 |
       Dungeon |   6523 |   6213 |    310 |    183 |   5072 |   8 |  815.4 |
        Temple |     71 |     51 |     20 |      0 |     44 |   1 |   71.0 |
               +--------+--------+--------+--------+--------+-----+--------+

Top non-repeatable levels by time:
     D:4: 1344 daAuts
     D:7: 1090 daAuts
     D:6: 956 daAuts
     D:1: 871 daAuts
     D:5: 843 daAuts
     D:3: 823 daAuts
     D:2: 582 daAuts
  Temple: 71 daAuts
     D:8: 10 daAuts
